 Dungeon Crawl Stone Soup version 0.27-a0-1217-g8a41f320e8 (webtiles) character file.

Game seed: 6265285831543013037

2483 polve the Skirmisher (level 9, -4/105 (108) HPs)
             Began as a Demonspawn Abyssal Knight on June 5, 2021.
             Was an Elder of Lugonu.
             Killed from afar by Maggie (10 damage)
             ... with a bolt of fire
             ... on level 7 of the Dungeon.
             The game lasted 00:05:47 (6683 turns).

polve the Skirmisher (Demonspawn Abyssal Knight)    Turns: 6683, Time: 00:05:47

HP:   -4/105 (108)  AC: 24    Str: 16    XL:     9   Next: 27%
MP:   18/19         EV:  2    Int: 15    God:    Lugonu [****..]
Gold: 255           SH: 10    Dex: 13    Spells: 8/8 levels left

rFire    + . .     SeeInvis .   a - +0 double sword (venom)
rCold    . . .     Faith    .   t - +0 buckler
rNeg     + + +     Spirit   .   (armour currently unavailable)
rPois    +         Reflect  +   (helmet currently unavailable)
rElec    .         Harm     .   (cloak currently unavailable)
rCorr    .         Rampage  .   (gloves currently unavailable)
Will     .....     NoTele   +   (boots currently unavailable)
Stlth    +.........             f - amulet of reflection
HPRegen  0.27/turn              s - ring of protection from fire
MPRegen  0.16/turn              v - ring of magical power

@: tree-form, mesmerised, lightly drained
A: stationary, stasis, torment immunity, boosted hp, (hooves 1), (spiny 3), big
brain 1
a: Renounce Religion, Depart the Abyss, Bend Space, Banish, Corrupt


You were on level 7 of the Dungeon.
You worshipped Lugonu.
Lugonu was greatly pleased with you.
You were a tree.
You visited 1 branch of the dungeon, and saw 7 of its levels.
You visited the Abyss 1 time.

You collected 255 gold pieces.

Inventory:

Hand Weapons
 a - a +0 double sword of venom (weapon)
Missiles
 B - a throwing net
Armour
 b - a +0 leather armour
 c - a +0 pair of boots (melded)
 e - a +0 plate armour (melded)
 h - a +0 helmet
 t - a +0 buckler (worn)
Jewellery
 f - an amulet of reflection (around neck)
 s - a ring of protection from fire (left branch)
 v - a ring of magical power (right branch)
Wands
 m - a wand of acid (11)
 n - a wand of charming (6)
 E - a wand of paralysis (7)
Scrolls
 l - 6 scrolls of teleportation
 p - a scroll of silence {unknown}
 q - 2 scrolls of magic mapping
 r - 2 scrolls of amnesia
 w - a scroll of vulnerability {unknown}
 y - a scroll of enchant armour {unknown}
 z - a scroll of summoning {unknown}
 A - 2 scrolls of fear
Potions
 d - a potion of resistance {unknown}
 g - a potion of degeneration {unknown}
 i - a potion of flight {unknown}
 j - 6 potions of curing
 k - a potion of ambrosia {unknown}
 u - a potion of brilliance {unknown}
 x - a potion of cancellation {unknown}
 C - a potion of haste {unknown}
 D - 2 potions of heal wounds {unknown}


   Skills:
 - Level 7.3 Fighting
 - Level 2.8(4.4) Short Blades
 - Level 5.2(5.6) Long Blades
 + Level 4.8 Armour
 + Level 4.4 Dodging
 - Level 4.0 Shields
 - Level 2.4 Invocations


You had 8 spell levels left.
You didn't know any spells.
Your spell library was empty.

Dungeon Overview and Level Annotations

Branches:
Dungeon (7/15)             Temple (0/1) D:7

Altars:
Cheibriados
Gozag
Okawaru
Uskayaw
Yredelemnul

Shops:
D:5 ?

Annotations:
D:7 Maggie


Innate Abilities, Weirdness & Mutations

You are a tree.
Your roots penetrate the ground, keeping you stationary.
You cannot be teleported.
You are immune to unholy pain and torment.
Your maximum health is greatly increased.
Your equipment is partially melded.
((You have large cloven feet.))
((You are completely covered in sharp spines.))
You have an unusually large brain. (Int +2)


Message History

You convulse.
A gnoll comes into view. It is wielding a +0 whip of flaming.
You barely miss Maggie.
Maggie is heavily wounded.
Maggie is struck by your spines.
Maggie hits you with a +2 scimitar of holy wrath.
You convulse.
The wight hits you with a +0 dagger.
Maggie zaps a wand.
The bolt of acid hits you!
You are splashed with acid!
You barely miss Maggie.
Maggie is severely wounded.
You block the wight's attack. The wight hits you but does no damage.
Maggie casts a spell.
Maggie attempts to bespell you!
You are mesmerised by Maggie!
The wight is struck by your spines. The wight hits you but does no damage.
You cannot move away from Maggie!
You cannot move away from Maggie!
You hit Maggie but do no damage.
Maggie is severely wounded.
A gnoll comes into view. It is wielding a +0 spear.
You block the wight's attack. Maggie casts a spell at you.
The bolt of fire hits you. You resist. The wight is struck by your spines.
The wight hits you with a +1 scimitar of electrocution.
You feel drained. The wight hits you with a +0 dagger.
* * * LOW HITPOINT WARNING * * *
The gnoll shouts!
You hear a shout!
Space bends around you!
You blink.
A gnoll comes into view. It is wielding a +0 flail.
Really quaff the potion of lignification?
You turn into a tree.
Your +0 pair of boots melds into your body.
Your +0 plate armour melds into your body.
Your roots penetrate the ground.
The gnoll shouts!
You hear a howl!
You hear a shout!
The wight hits you but does no damage.
You are electrocuted!!
* * * LOW HITPOINT WARNING * * *
Maggie points at you and mumbles some strange words.
The bolt of fire hits you! You resist.
You die...

#.# #.#... #.#
#.##.# #.# #.##..
###.####### #.....
#.........# ####..
#.##...##.# #.#
##.##[..##.## #.#
#...z........ #.#
#..♣@.>....## ...
.......zgz.....#
###
...###.##g..##.## .
#.##...##...
#.........##
##.##.g.....g.#####
#.##g...####...§gg
#.#..g..# #####.#
#.......# #.#


You could see Maggie (mesmerising, extremely poisoned), a gnoll shaman, 3 wights
and 4 gnolls.

Vanquished Creatures
  Pikel (D:7)
  Sigmund (D:5)
  The ghost of p0werm0de the Covered, an amateur DDFi (D:4)
  2 orc warriors
  A sky beast (D:6)
  An ice beast (D:7)
  A necrophage (D:4)
  An ogre (D:6)
  A phantom (D:5)
  2 centaurs
  3 lemures (D:7)
  A scorpion (D:5)
  3 wights (D:6)
  A howler monkey (D:5)
  3 centaur zombies (D:5)
  4 hounds
  2 bullfrog skeletons
  A jelly (D:5)
  3 iguanas
  3 scorpion zombies (D:3)
  2 orc wizards (D:5)
  A hound zombie (D:3)
  A howler monkey zombie (D:6)
  3 gnolls
  7 adders
  2 howler monkey skeletons (D:5)
  An ufetubus (D:6)
  2 worms
  4 dart slugs
  20 orcs
  4 endoplasms
  2 giant cockroaches
  6 goblins
  3 hobgoblins (D:1)
  13 jackals
  3 quokkas
  6 ball pythons
  5 bats
  4 frilled lizards
  5 kobolds
  6 rats
136 creatures vanquished.

Notes
Turn   | Place    | Note
-------+----------+-------------------------------------------
     0 | Abyss:1  | polve the Demonspawn Abyssal Knight began the quest for the
                  | Orb.
     0 | Abyss:1  | Reached XP level 1. HP: 18/18 MP: 2/2
    13 | Abyss:1  | Noticed an apocalypse crab
    14 | Abyss:1  | Noticed a wretched star
    14 | Abyss:1  | Noticed a large abomination
    14 | Abyss:1  | Noticed a worldbinder
    14 | Abyss:1  | Noticed a small abomination
    15 | D:1      | Escaped the Abyss
    76 | D:1      | Reached * piety under Lugonu
   128 | D:1      | Gained mutation: You are partially covered in sharp spines.
                  | [demonic ancestry]
   128 | D:1      | Reached XP level 2. HP: 24/24 MP: 3/3
   183 | D:1      | Found a faded altar of an unknown god.
   817 | D:2      | Reached skill level 1 in Long Blades
   817 | D:2      | Gained mutation: You have an unusually large brain. (Int
                  | +2) [demonic ancestry]
   817 | D:2      | Reached XP level 3. HP: 29/29 MP: 4/4
  1019 | D:2      | Reached XP level 4. HP: 24/35 MP: 5/5
  1508 | D:2      | Reached ** piety under Lugonu
  2139 | D:3      | Gained mutation: You have large cloven feet. [demonic
                  | ancestry]
  2139 | D:3      | Reached XP level 5. HP: 39/41 MP: 6/6
  2203 | D:3      | Found a basalt altar of Yredelemnul.
  2860 | D:3      | Found an opulent altar of Gozag.
  3135 | D:3      | Found a hide-covered altar of Uskayaw.
  3353 | D:4      | Noticed a necrophage
  3361 | D:4      | Killed a necrophage
  3362 | D:4      | Reached skill level 5 in Long Blades
  3362 | D:4      | Reached XP level 6. HP: 38/47 MP: 7/7
  3505 | D:4      | Found a snail-covered altar of Cheibriados.
  3954 | D:4      | Found a large runed translucent door.
  3954 | D:4      | Found a large runed translucent door.
  3955 | D:4      | Noticed p0werm0de's ghost (amateur DDFi)
  4055 | D:4      | Killed p0werm0de's ghost
  4056 | D:4      | Reached skill level 1 in Shields
  4149 | D:5      | Entered Level 5 of the Dungeon
  4229 | D:5      | Gained mutation: You are mostly covered in sharp spines.
                  | [demonic ancestry]
  4229 | D:5      | Reached XP level 7. HP: 47/53 MP: 8/8
  4237 | D:5      | Reached skill level 4 in Fighting
  4435 | D:5      | Found Rinu Buiqae's Magic Scroll Boutique.
  4472 | D:5      | Noticed Sigmund
  4477 | D:5      | Killed Sigmund
  4478 | D:5      | Reached skill level 5 in Fighting
  4484 | D:5      | Reached XP level 8. HP: 54/63 MP: 9/9
  4566 | D:5      | Reached *** piety under Lugonu
  4603 | D:5      | Reached skill level 6 in Fighting
  5210 | D:6      | Found an iron altar of Okawaru.
  5219 | D:6      | Reached skill level 7 in Fighting
  5465 | D:6      | Reached skill level 1 in Dodging
  6216 | D:7      | Noticed Pikel
  6255 | D:7      | Noticed a gargoyle
  6524 | D:7      | Reached **** piety under Lugonu
  6525 | D:7      | Gained mutation: You are completely covered in sharp
                  | spines. [demonic ancestry]
  6525 | D:7      | Reached XP level 9. HP: 72/72 MP: 10/10
  6610 | D:7      | Killed Pikel
  6669 | D:7      | Found a staircase to the Ecumenical Temple.
  6674 | D:7      | Noticed Maggie
  6683 | D:7      | Killed from afar by Maggie

Illustrated notes

Levels and vault maps discovered:
D:1:      wander_arrival_desolate, layout_basic, ebering_ecumenical_altar_webs,
          minivault_19, fountainhead
D:2:      layout_loops_ring
D:3:      layout_basic, nicolae_gozag_cash_rules_everything_around_me,
          nicolae_yredelemnul_corpse_copse,
          nicolae_uskayaw_murder_on_the_dancefloor, small_statue_intersection
D:4:      layout_cave_pods, cheibriados_altar_1, ebering_ghost_disaster_area
D:5:      layout_rooms, serial_shops, shop, uniq_sigmund
D:6:      layout_cave_pods, okawaru_trees_1, minmay_misc_feat_more_columns,
          patterned_corridor
D:7:      layout_loops_corners, gammafunk_temple_overflow_statue,
          minmay_temple_entry_stoned_glass, uniq_pikel, uniq_crazy_yiuf_cottage,
          uniq_menkaure, uniq_maggie

Skill      XL: |  1  2  3  4  5  6  7  8  9 |
---------------+----------------------------+-----
Short Blades   | 2 |  2.8
Long Blades    | 1 2 3 5 |  5.2
Shields        | 2 4 |  4.0
Fighting       | 5 7 |  7.3
Armour         | 3 4 |  4.8
Dodging        | 3 4 |  4.4
Invocations    | |  2.4

Action                   |  1- 3 |  4- 6 |  7- 9 || total
-------------------------+-------+-------+-------++-------
Melee: Short sword       |    29 |       |       ||    29
       Double sword      |    32 |   120 |   146 ||   298
       Unarmed           |       |    21 |       ||    21
Invok: Depart the Abyss  |     1 |       |       ||     1
       Bend Space        |       |       |     3 ||     3
  Use: Scroll            |       |     5 |     3 ||     8
       Potion            |       |     1 |     1 ||     2
Armor: Leather armour    |    19 |     4 |       ||    23
       Chain mail        |       |    34 |       ||    34
       Skin              |       |     9 |     1 ||    10
       Plate armour      |       |     4 |    72 ||    76
Dodge: Dodged            |    57 |    29 |    26 ||   112
Block: Other             |     4 |    20 |       ||    24
       Buckler           |       |    11 |    72 ||    83
       Reflection        |       |       |     3 ||     3
       Rpst.: Double sword |     9 |     9 |    13 ||    31

Table legend: (Time is in decaauts)
 A = Elapsed time spent in this place.
 B = Non-inter-level travel time spent in this place.
 C = Inter-level travel time spent in this place.
 D = Time resting spent in this place.
 E = Time spent auto-exploring this place.
 F = Levels seen in this place.
 G = Mean time per level.
                   A        B        C        D        E       F      G
               +--------+--------+--------+--------+--------+-----+--------+
         Total |   6766 |   6558 |    208 |      0 |   5590 |   8 |  845.8 |
       Dungeon |   6751 |   6543 |    208 |      0 |   5577 |   7 |  964.4 |
         Abyss |     15 |     15 |      0 |      0 |     13 |   1 |   15.0 |
               +--------+--------+--------+--------+--------+-----+--------+

Top non-repeatable levels by time:
     D:6: 1360 daAuts
     D:3: 1252 daAuts
     D:1: 1017 daAuts
     D:2: 979 daAuts
     D:4: 930 daAuts
     D:5: 910 daAuts
     D:7: 300 daAuts
 Abyss:1: 15 daAuts
